 Dungeon Crawl Stone Soup version 0.23.2-40-g277498a001 (webtiles) character file.

Game seed: 618584626925928298

55 BeastOfSaturn the Insei (level 3, 0/27 HPs)
             Began as a Demonspawn Warper on Oct 7, 2019.
             Slain by a gnoll
             ... wielding a +0 whip
              (7 damage)
             ... on level 2 of the Dungeon.
             The game lasted 00:07:14 (1357 turns).

BeastOfSaturn the Insei (Demonspawn Warper)         Turns: 1357, Time: 00:07:14

Health: 0/27       AC:  3    Str: 12    XL:     3   Next: 67%
Magic:  6/6        EV: 12    Int: 14    God:
Gold:   20         SH:  0    Dex: 12    Spells: 6/6 levels left

rFire    . . .     SeeInvis .     - Unarmed
rCold    + . .     Gourm    .   (no shield)
rNeg     . . .     Faith    .   a - +0 leather armour
rPois    .         Spirit   .   (no helmet)
rElec    .         Reflect  .   (no cloak)
rCorr    .         Harm     .   (no gloves)
MR       .....                  (no boots)
Stlth    +.........             (no amulet)
HPRegen  0.09/turn              (no ring)
MPRegen  0.10/turn              (no ring)

@: no status effects
A: hooves 1, cold resistance 1
a: no special abilities


You were on level 2 of the Dungeon.
You were hungry.

You visited 1 branch of the dungeon, and saw 2 of its levels.

You collected 20 gold pieces.

Inventory:

Missiles
 d - 4 tomahawks of dispersal
 h - 23 stones (quivered)
Armour
 a - a +0 leather armour (worn)
Scrolls
 b - a scroll of identify {unknown}
 c - 2 scrolls of blinking
 j - a scroll of amnesia {unknown}
 k - a scroll of remove curse {unknown}
 l - a scroll of fear {unknown}
Potions
 e - a potion of curing {unknown}
 g - a potion of lignification {unknown}
 i - a potion of resistance {unknown}
Comestibles
 f - 2 rations


   Skills:
 + Level 2.1 Fighting
 - Level 0.8 Throwing
 + Level 1.4 Armour
 * Level 2.3 Dodging
 * Level 3.0 Unarmed Combat
 - Level 2.0 Spellcasting
   Level 2.6 Translocations


You had 6 spell levels left.
You didn't know any spells.
Your spell library contained the following spells:

 Spells                   Type           Power        Failure   Level  Hunger
 Blink                    Tloc           N/A          16%         2    ###....
 Shroud of Golubria       Chrm/Tloc      #.........   26%         2    ###....
 Gell's Gravitas          Tloc           #.........   30%         3    ####...
 Lesser Beckoning         Tloc           #.........   30%         3    ####...
 Teleport Other           Tloc           #.......     30%         3    ####...
 Passage of Golubria      Tloc           N/A          69%         4    #####..


Dungeon Overview and Level Annotations

Branches:
Dungeon (2/15)

Altars:


Innate Abilities, Weirdness & Mutations

You have large cloven feet.
Your flesh is cold resistant. (rC+)


Message History

You closely miss the gnoll. The gnoll closely misses you.
You hit the gnoll. You kick the gnoll.
The gnoll is heavily wounded.
The gnoll barely misses you.
You hit the gnoll but do no damage. You kick the gnoll.
The gnoll is severely wounded.
The gnoll hits you but does no damage.
You hit the gnoll.
The gnoll is severely wounded.
You hit the gnoll. You kick the gnoll, but do no damage.
The gnoll is severely wounded.
The gnoll closely misses you.
You hit the gnoll but do no damage.
The gnoll is severely wounded.
The gnoll hits you with a +0 whip.
* * * LOW HITPOINT WARNING * * *
You closely miss the gnoll.
The gnoll is severely wounded.
The gnoll hits you with a +0 whip!
You die...

######.#
#.# #.#
#.# #.#
#.# #.#
#g# #@#
###


You could see a gnoll.

Vanquished Creatures
  3 gnolls
  3 leopard geckos (D:1)
  2 bats (D:1)
  4 hobgoblins (D:1)
  2 jackals (D:1)
  5 kobolds (D:1)
  4 rats (D:1)
23 creatures vanquished.

Notes
Turn   | Place    | Note
-------+----------+-------------------------------------------
     0 | D:1      | BeastOfSaturn the Demonspawn Warper began the quest for the
                  | Orb.
     0 | D:1      | Reached XP level 1. HP: 16/16 MP: 3/3
     6 | D:1      | Noticed an anaconda
     6 | D:1      | Noticed a hound
     6 | D:1      | Noticed a rime drake
    74 | D:1      | Reached skill level 2 in Unarmed Combat
   323 | D:1      | Reached skill level 1 in Armour
   467 | D:1      | Gained mutation: You have large cloven feet. [demonic
                  | ancestry]
   467 | D:1      | Reached XP level 2. HP: 12/22 MP: 5/5
  1097 | D:1      | Gained mutation: Your flesh is cold resistant. (rC+)
                  | [demonic ancestry]
  1097 | D:1      | Reached XP level 3. HP: 5/27 MP: 6/6
  1350 | D:2      | Reached skill level 3 in Unarmed Combat
  1357 | D:2      | Slain by a gnoll

Skill      XL: |  1  2  3 |
---------------+----------+-----
Unarmed Combat | 2 3 |  3.0
Armour         | 1 |  1.4
Dodging        | 2 |  2.3
Fighting       | |  2.1
Throwing       | |  0.8
Spellcasting   | |  2.0
Translocations | |  2.6

Action                   || total
-------------------------++-------
Melee: Unarmed           ||   140
       Kick              ||    19
       Punch             ||     2
Throw: Stone             ||     3
       Tomahawk          ||     1
  Eat: Chunk             ||     1
Armor: Leather armour    ||    39
Dodge: Dodged            ||    91
